 Dungeon Crawl Stone Soup version 0.31.0-32-g396128a36d (webtiles) character file.

Game seed: 13992578577091842124

4190 monsoonserge the Grappler (level 10, -5/76 HPs)
             Began as a Gnoll Shapeshifter on Mar 11, 2024.
             Was an Initiate of Wu Jian.
             Slain by an orc warrior
             ... wielding a +1 dire flail of protection
              (12 damage)
             ... on level 8 of the Dungeon.
             The game lasted 00:17:05 (8044 turns).

monsoonserge the Grappler (Gnoll Shapeshifter)      Turns: 8044, Time: 00:17:06

Health: -5/76      AC:  6    Str: 17    XL:     10   Next: 29%
Magic:  18/18      EV: 14    Int: 17    God:    Wu Jian [......]
Gold:   330        SH:  0    Dex: 11    Spells: 17/19 levels left

rFire   . .          .
                       - Unarmed
rCold   . . .        (no shield)
rNeg    . . .        a - +0 steam dragon scales
rPois   .            H - melded +0 helmet
rElec   .            E - melded +0 cloak
rCorr   .            (gloves currently unavailable)
SInv    .            (boots currently unavailable)
Will    .....        (no amulet)
Stlth   +++          p - +6 ring of intelligence
HPRegen 0.32/turn    (no ring)
MPRegen 0.16/turn

%: no passive effects
@: beast-form
A: beast (slay +4), fangs 1, strong nose, distributed training
a: Begin Untransformation, Renounce Religion


You were on level 8 of the Dungeon.
You worshipped Wu Jian.
Wu Jian was noncommittal.
You were a hulking beast.
You visited 2 branches of the dungeon, and saw 9 of its levels.
You also visited: Ossuary.

You collected 330 gold pieces.

Inventory:

Hand Weapons
 y - a +2 whip of electrocution
Missiles
 i - 16 poisoned darts (quivered)
 G - a throwing net
 I - 6 curare-tipped darts
 J - 4 boomerangs
Armour
 a - +0 steam dragon scales (worn)
 u - a +0 plate armour
 E - a +0 cloak (melded)
 H - a +0 helmet (melded)
Jewellery
 p - a +6 ring of intelligence (left hand)
Talismans
 c - a beast talisman (active)
 d - a flux talisman
Wands
 F - a wand of roots (7)
 K - a wand of flame (23)
Scrolls
 h - 2 scrolls of immolation {unknown}
 j - 4 scrolls of teleportation
 k - a scroll of enchant weapon {unknown}
 l - 4 scrolls of poison {unknown}
 m - 6 scrolls of identify {unknown}
 n - 3 scrolls of enchant armour {unknown}
 o - 3 scrolls of noise {unknown}
 r - a scroll of revelation
 v - a scroll of vulnerability {unknown}
 w - a scroll of fog {unknown}
 x - 4 scrolls of amnesia {unknown}
 z - 2 scrolls of fear {unknown}
 B - a scroll of blinking {unknown}
 D - a scroll of silence {unknown}
Potions
 b - 2 potions of lignification
 e - 3 potions of resistance {unknown}
 f - 4 potions of enlightenment {unknown}
 g - 3 potions of heal wounds {unknown}
 q - 3 potions of attraction {unknown}
 s - 2 potions of curing {unknown}
 t - a potion of ambrosia {unknown}
 A - a potion of experience {unknown}
 C - a potion of might {unknown}


   Skills:
 + Level 6.0 Fighting
 + Level 5.3 Short Blades
 + Level 5.3 Long Blades
 + Level 5.3 Axes
 + Level 5.3 Maces & Flails
 + Level 5.3 Polearms
 + Level 5.3 Staves
 + Level 5.3 Ranged Weapons
 + Level 5.3 Throwing
 + Level 5.3 Armour
 + Level 7.1 Dodging
 + Level 5.3 Stealth
 + Level 5.3 Shields
 + Level 8.5 Unarmed Combat
 + Level 5.3 Spellcasting
 + Level 4.4 Conjurations
 + Level 4.4 Hexes
 + Level 4.4 Summonings
 + Level 4.4 Necromancy
 + Level 4.4 Translocations
 + Level 4.4 Fire Magic
 + Level 4.4 Ice Magic
 + Level 4.4 Air Magic
 + Level 4.4 Earth Magic
 + Level 4.4 Alchemy
 + Level 5.8 Invocations
 + Level 5.3 Evocations
 + Level 8.2 Shapeshifting


You had 17 spell levels left.
You knew the following spells:

 Your Spells              Type           Power      Damage    Failure   Level
a - Blink                 Tloc           38%        N/A       3%          2

Your spell library contained the following spells:

 Spells                   Type           Power      Damage    Failure   Level
 Slow                     Hex            76%        N/A       2%          1
 Lesser Beckoning         Tloc           38%        N/A       3%          2
 Momentum Strike          Conj/Tloc      38%        3d9       3%          2
 Confusing Touch          Hex            19%        N/A       7%          3
 Sigil of Binding         Hex            19%        N/A       7%          3
 Vampiric Draining        Necr           19%        2d7       7%          3


Dungeon Overview and Level Annotations

Branches:
Dungeon (8/15)             Temple (1/1) D:7            Lair (0/5) D:8
Ossuary (visited)

Altars:
Ashenzari
Cheibriados
Dithmenos
Elyvilon
Fedhas
Gozag
Hepliaklqana
Kikubaaqudgha
Makhleb
Nemelex Xobeh
Okawaru
Qazlal
Ru
Sif Muna
Trog
Uskayaw
Vehumet
Wu Jian
Xom
Zin

Shops:
D:4 *=   D:6 :

Annotations:
D:4 1 runed translucent door, Crazy Yiuf


Innate Abilities, Weirdness & Mutations

You are a hulking beast.
Your limbs bulge with bestial killing power. (Slay +4)
You have very sharp teeth.
Your uncanny sense of smell can sniff out nearby items.
Your experience applies equally to all skills.


Message History

You hit the orc warrior but do no damage.
The orc warrior is lightly wounded.
The orc priest closely misses you.
The orc warrior hits you with a +1 dire flail of protection!
* * * LOW HITPOINT WARNING * * *
You punch the orc warrior!
The orc warrior is heavily wounded.
The orc priest closely misses you. The orc warrior misses you.
You closely miss the orc warrior.
You punch the orc warrior, but do no damage.
The orc warrior is heavily wounded.
The orc priest looks braver for a moment.
The orc warrior closely misses you.
You closely miss the orc warrior.
You punch the orc warrior, but do no damage.
The orc warrior is heavily wounded.
The orc priest calls down the wrath of Beogh upon you.
You struggle to resist.
The orc warrior barely misses you.
You closely miss the orc warrior. Your bite misses the orc warrior.
The orc warrior is heavily wounded.
You completely miss the orc warrior.
You bite the orc warrior, but do no damage.
The orc warrior is heavily wounded.
The orc priest calls upon Beogh to heal the orc warrior.
The orc warrior is healed somewhat.
The orc warrior misses you.
You punch the orc warrior!
You bite the orc warrior, but do no damage.
The orc warrior is heavily wounded.
The orc priest barely misses you.
The orc warrior hits you with a +1 dire flail of protection!
* * * LOW HITPOINT WARNING * * *
Press: ? - help, v - describe, . - travel, g - get item
Here: an orc priest, wielding a +0 short sword and wearing a +0 ring mail (almost dead, poisoned)
Items here: a +0 club; an orc corpse.
The floor, spattered with blood.
You barely miss the orc priest.
The orc priest is almost dead.
The orc priest misses you.
The orc warrior hits you with a +1 dire flail of protection!
You die...

............#...≈≈≈≈≈≈≈.≈≈≈≈≈≈≈
..#..................#..#######
.............................#
#..#'#....>....##...########.....
#..'_+.................( ......
...#+#.................. ..#....
#.......##.............. ... ....
###.....##.......o.......... ....
.....##.........ho(......... ....
##................#.......). #...
...........#.#...#......
.......#..............>.
..####..#....)...#...... .##
##.#?.......#####.# .###
#.#.........# # ...#
#............# .#.#
##.........#.#


You could see an orc warrior and an orc priest (poisoned).

Vanquished Creatures
  Gastronok (D:8)
  Sigmund (D:3)
  4 yaks (D:8)
  A steam dragon (D:4)
  Grum (D:8)
  A water moccasin (D:8)
  A sky beast (D:7)
  A black bear (D:7)
  2 wolves (D:8)
  3 phantoms
  3 centaurs
  A kobold brigand (D:7)
  4 scorpions
  A bombardier beetle (D:5)
  2 centaur zombies (Ossuary)
  6 hounds
  2 jellies
  A gnoll bouda (D:7)
  3 orc priests
  Jessica (D:2)
  2 orc wizards
  A sleepcap (D:5)
  3 ogre zombies (Ossuary)
  7 mummies (Ossuary)
  5 gnolls (D:7)
  9 adders
  2 shadow imps
  2 white imps (D:7)
  3 adder zombies (Ossuary)
  4 ribbon worms
  5 dart slugs
  15 orcs
  8 ball pythons
  8 endoplasms
  3 giant cockroaches
  A gnoll zombie (Ossuary)
  6 goblins
  9 hobgoblins
  2 jackals (D:2)
  11 kobolds
  A quokka (D:3)
  7 bats
  5 frilled lizards
  2 goblin zombies (Ossuary)
  2 hobgoblin zombies (Ossuary)
  3 kobold zombies (Ossuary)
  6 quokka zombies (Ossuary)
  4 rats
  8 rat zombies (Ossuary)
184 creatures vanquished.

Notes
Turn   | Place    | Note
-------+----------+-------------------------------------------
     0 | D:1      | monsoonserge the Gnoll Shapeshifter began the quest for the
                  | Orb.
     0 | D:1      | Reached XP level 1. HP: 17/17 MP: 1/1
    69 | D:1      | Reached XP level 2. HP: 17/23 MP: 2/2
   233 | D:1      | Noticed an eye of devastation
   234 | D:1      | Found a faded altar of an unknown god.
   236 | D:1      | Noticed a shining eye
   236 | D:1      | Noticed a great orb of eyes
   236 | D:1      | Noticed an eye of devastation
   291 | D:1      | You fall into a shaft and drop 1 floor!
   415 | D:2      | Reached XP level 3. HP: 28/28 MP: 3/3
   454 | D:2      | Reached skill level 1 in Invocations
   477 | D:2      | Reached skill level 1 in Short Blades
   477 | D:2      | Reached skill level 1 in Long Blades
   477 | D:2      | Reached skill level 1 in Axes
   477 | D:2      | Reached skill level 1 in Maces & Flails
   477 | D:2      | Reached skill level 1 in Polearms
   477 | D:2      | Reached skill level 1 in Staves
   477 | D:2      | Reached skill level 1 in Ranged Weapons
   477 | D:2      | Reached skill level 1 in Throwing
   477 | D:2      | Reached skill level 1 in Armour
   477 | D:2      | Reached skill level 1 in Stealth
   477 | D:2      | Reached skill level 1 in Shields
   477 | D:2      | Reached skill level 1 in Spellcasting
   477 | D:2      | Reached skill level 1 in Evocations
   477 | D:2      | Noticed Jessica
   478 | D:2      | Killed Jessica
   479 | D:2      | Reached XP level 4. HP: 34/34 MP: 5/5
   619 | D:1      | Reached skill level 1 in Conjurations
   619 | D:1      | Reached skill level 1 in Hexes
   619 | D:1      | Reached skill level 1 in Summonings
   619 | D:1      | Reached skill level 1 in Necromancy
   619 | D:1      | Reached skill level 1 in Translocations
   619 | D:1      | Reached skill level 1 in Fire Magic
   619 | D:1      | Reached skill level 1 in Ice Magic
   619 | D:1      | Reached skill level 1 in Air Magic
   619 | D:1      | Reached skill level 1 in Earth Magic
   619 | D:1      | Reached skill level 1 in Alchemy
  1308 | D:2      | Reached XP level 5. HP: 40/40 MP: 7/7
  1664 | D:3      | Found a radiant altar of Vehumet.
  2344 | D:3      | Found a shimmering altar of Xom.
  2354 | D:3      | Noticed Sigmund
  2362 | D:3      | Killed Sigmund
  2363 | D:3      | Reached skill level 5 in Dodging
  2363 | D:3      | Reached XP level 6. HP: 47/47 MP: 7/9
  2583 | D:4      | Found Tubaeck's Jewellery Boutique.
  2586 | D:4      | Found Tiqic's Overcharged Wands.
  2764 | D:4      | Reached XP level 7. HP: 42/52 MP: 10/10
  2974 | D:4      | Noticed a steam dragon
  2990 | D:4      | Killed a steam dragon
  3421 | D:4      | Found a runed translucent door.
  3422 | D:4      | Noticed Crazy Yiuf
  3577 | D:5      | Entered Level 5 of the Dungeon
  3736 | D:5      | Reached XP level 8. HP: 60/60 MP: 12/12
  4915 | D:6      | Found Geith's Book Boutique.
  5084 | D:6      | Found a sand-covered staircase.
  5095 | D:6      | Learned a level 2 spell: Blink
  5137 | Ossuary  | Entered an ossuary
  5712 | Ossuary  | Reached XP level 9. HP: 60/66 MP: 14/14
  6620 | D:7      | Found a staircase to the Ecumenical Temple.
  6629 | Temple   | Entered the Ecumenical Temple
  6656 | Temple   | Became a worshipper of the Wu Jian Council
  7175 | D:7      | Reached skill level 5 in Fighting
  7503 | D:8      | Found a shimmering blue altar of Sif Muna.
  7503 | D:8      | Found a sparkling altar of Nemelex Xobeh.
  7599 | D:8      | Noticed Gastronok
  7599 | D:8      | Noticed Grum
  7616 | D:8      | Killed Grum
  7624 | D:8      | Killed Gastronok
  7625 | D:8      | Reached skill level 5 in Short Blades
  7625 | D:8      | Reached skill level 5 in Long Blades
  7625 | D:8      | Reached skill level 5 in Axes
  7625 | D:8      | Reached skill level 5 in Maces & Flails
  7625 | D:8      | Reached skill level 5 in Polearms
  7625 | D:8      | Reached skill level 5 in Staves
  7625 | D:8      | Reached skill level 5 in Ranged Weapons
  7625 | D:8      | Reached skill level 5 in Throwing
  7625 | D:8      | Reached skill level 5 in Armour
  7625 | D:8      | Reached skill level 5 in Stealth
  7625 | D:8      | Reached skill level 5 in Shields
  7625 | D:8      | Reached skill level 5 in Spellcasting
  7625 | D:8      | Reached skill level 5 in Invocations
  7625 | D:8      | Reached skill level 5 in Evocations
  7625 | D:8      | Reached XP level 10. HP: 32/76 MP: 15/17
  7863 | D:8      | Found a staircase to the Lair.
  7894 | D:8      | Found a glowing silver altar of Zin.
  7985 | D:8      | Found a burning altar of Makhleb.
  8044 | D:8      | Slain by an orc warrior

Illustrated notes

Levels and vault maps discovered:
D:1:      lemuel_arrival_broad_hall, layout_basic,
          hellmonk_ecumenical_altar_watching_god
D:2:      layout_basic, uniq_jessica
D:3:      layout_loops_ring, lemuel_round_altar, vehumet_crystals,
          kennysheep_nondescript, serial_bayou_pond_a, corexii_corridor_pit,
          minivault_23, uniq_sigmund
D:4:      layout_loops_corners, serial_shops, shop, dreamdust_wishing_well,
          nicolae_shop_overcharged_wands, uniq_crazy_yiuf_cottage
D:5:      layout_basic, hangedman_decor_slide_cut, kennysheep_generic_room_10
D:6:      layout_layer_cave, serial_shops, nicolae_book_shop_shelving,
          nicolae_ossuary_entry_ruins
D:7:      lemuel_ice_spiral_2, layout_basic, minmay_temple_entry_crystal_x
D:8:      layout_rooms, kennysheep_mini_moat, mainiacjoe_overflow_cross_hatched,
          nicolae_overflow_two_pavilions, dpeg_oklobed_lair,
          minmay_starry_boxes, uniq_gastronok, uniq_grum, uniq_amaemon
Temple:   dpeg_chambers_temple

Skill      XL: |  1  2  3  4  5  6  7  8  9 10 |
---------------+-------------------------------+-----
Invocations    | 1 2 3 4 5 |  5.8
Short Blades   | 1 2 3 5 |  5.3
Long Blades    | 1 2 3 5 |  5.3
Axes           | 1 2 3 5 |  5.3
Maces & Flails | 1 2 3 5 |  5.3
Polearms       | 1 2 3 5 |  5.3
Staves         | 1 2 3 5 |  5.3
Ranged Weapons | 1 2 3 5 |  5.3
Throwing       | 1 2 3 5 |  5.3
Armour         | 1 2 3 5 |  5.3
Stealth        | 1 2 3 5 |  5.3
Shields        | 1 2 3 5 |  5.3
Spellcasting   | 1 2 3 5 |  5.3
Evocations     | 1 2 3 5 |  5.3
Conjurations   | 1 2 3 4 |  4.4
Hexes          | 1 2 3 4 |  4.4
Summonings     | 1 2 3 4 |  4.4
Necromancy     | 1 2 3 4 |  4.4
Translocations | 1 2 3 4 |  4.4
Fire Magic     | 1 2 3 4 |  4.4
Ice Magic      | 1 2 3 4 |  4.4
Air Magic      | 1 2 3 4 |  4.4
Earth Magic    | 1 2 3 4 |  4.4
Alchemy        | 1 2 3 4 |  4.4
Fighting       | 3 4 5 6 |  6.0
Dodging        | 5 6 7 |  7.1
Unarmed Combat | 7 8 |  8.5
Shapeshifting  | 7 8 |  8.2

Action                     |  1- 3 |  4- 6 |  7- 9 | 10-12 || total
---------------------------+-------+-------+-------+-------++-------
  Melee: Unarmed           |    53 |   114 |   317 |    39 ||   523
         Bite              |     4 |     8 |    40 |     5 ||    57
         Punch             |     1 |     5 |    17 |     5 ||    28
  Throw: Dart              |       |     1 |     8 |     5 ||    14
Ability: Lunge             |       |       |     7 |       ||     7
    Use: Scroll            |       |       |     2 |       ||     2
         Potion            |       |       |     1 |       ||     1
   Stab: Sleeping          |       |     2 |    14 |       ||    16
 Armour: Leather armour    |    24 |    11 |       |       ||    35
         Ring mail         |       |    50 |    15 |       ||    65
         Steam dragon scal |       |       |   135 |    19 ||   154
         Skin              |       |       |    22 |     9 ||    31
  Dodge: Dodged            |    31 |    46 |   170 |    15 ||   262
   Form: Beast             |       |       |     1 |     1 ||     2
         Flux              |       |       |     1 |     1 ||     2
